 Dungeon Crawl Stone Soup version 0.28-a0-991-g956f0ee3d5 (webtiles) character file.

Game seed: 17379654661479604787

144 Lavandula the Bolt Thrower (level 5, 5/44 HPs)
             Began as a Naga Arcane Marksman on Dec 5, 2021.
             Quit the game in a sewer.
             The game lasted 00:06:44 (2338 turns).

Lavandula the Bolt Thrower (Naga Arcane Marksman)   Turns: 2338, Time: 00:06:45

Health: 5/44       AC:  3    Str: 14    XL:     5   Next: 26%
Magic:  6/6        EV: 10    Int: 14    God:
Gold:   112        SH:  0    Dex: 13    Spells: 5/6 levels left

rFire   . . .      SeeInvis +   (no weapon)
rCold   . . .      Faith    .   (no shield)
rNeg    . . .      Spirit   .   d - +1 robe
rPois   +          Reflect  .   (no helmet)
rElec   .          Harm     .   (no cloak)
rCorr   .          Rampage  .   (no gloves)
Will    .....      Clarity  +   (no barding)
Stlth   +.........              (no amulet)
HPRegen 0.14/turn               (no ring)
MPRegen 0.10/turn               (no ring)

@: brilliant, very slow
A: AC +1, large, see invisible, deformed body, poison resistance, slowness 2,
spit poison 1, naga tail 1, clarity, deterioration 1, strong 1
a: Spit Poison


You were in a sewer.
You visited 1 branch of the dungeon, and saw 3 of its levels.
You also visited: Sewer.

You collected 112 gold pieces.

Inventory:

Hand Weapons
 a - a +0 hand crossbow
Missiles
 k - a poisoned dart (quivered)
Armour
 d - a +1 robe (worn)
Scrolls
 e - a scroll of enchant armour
 f - a scroll of identify
 h - a scroll of immolation


   Skills:
 - Level 1.0 Fighting
 + Level 4.8 Crossbows
 - Level 1.5 Dodging
 - Level 1.0 Spellcasting
 - Level 3.0 Hexes


You had 5 spell levels left.
You knew the following spells:

 Your Spells              Type           Power      Damage    Failure   Level
a - Slow                  Hex            52%        N/A       8%          1

Your spell library contained the following spells:

 Spells                   Type           Power      Damage    Failure   Level
 Inner Flame              Hex/Fire       7%         N/A       38%         3
 Portal Projectile        Hex/Tloc       14%        N/A       38%         3
 Cause Fear               Hex            6%         N/A       58%         4


Dungeon Overview and Level Annotations

Branches:
Dungeon (3/15)              Sewer (1/1)

Altars:
Lugonu

Shops:
D:1 [

Portals:
Abyss: D:1


Innate Abilities, Weirdness & Mutations

Your serpentine skin is tough. (AC +1)
You have supernaturally acute eyesight. (SInv)
Armour fits poorly on your strangely shaped body.
Your system is resistant to poisons. (rPois)
You cover ground very slowly.
You can spit poison.
You have a snake-like lower body.
You possess an exceptional clarity of mind.
Your body sometimes deteriorates upon taking damage.
Your muscles are strong. (Str +2)


Message History

You have got your breath back.
The river rat bites you.
You barely miss the river rat.
The river rat is lightly wounded.
The river rat bites you!
* * * LOW HITPOINT WARNING * * *
You closely miss the river rat.
The river rat is lightly wounded.
The river rat bites you!
* * * LOW HITPOINT WARNING * * *
You feel better. The river rat bites you.
* * * LOW HITPOINT WARNING * * *
Unknown command.
The river rat barely misses you.
It was a potion of cancellation.
You feel magically purged. The river rat bites you.
* * * LOW HITPOINT WARNING * * *
It was a potion of brilliance.
You feel clever all of a sudden. The river rat barely misses you.
It was a potion of mutation.
You feel extremely strange.
You feel yourself wasting away.
You feel stronger.
Your thoughts seem clearer.
The river rat closely misses you.
Unknown command.
As you read the scroll labelled MENEIMUSOTT, it crumbles to dust.
It is a scroll of enchant armour.
Your +0 robe glows green for a moment.
The river rat bites you but does no damage.
As you read the scroll labelled FAM SEQOT OSHRU, it crumbles to dust.
It is a scroll of identify.
h - a scroll of immolation The river rat closely misses you.
As you read the scroll labelled TYFIBR SIEPS, it crumbles to dust.
You hear a loud clanging noise!
It was a scroll of noise.
The river rat barely misses you.
Unknown command.
Okay, then.
You aren't carrying any potions.
Unknown command.
Are you sure you want to abandon this character and quit the game? (Confirm with "yes".)

#≈ ≈# #≈ ≈# ≈#≈
.(≈ #. #≈# #≈
#≈# #≈###(#
#≈≈≈r.# ##.≈@##
#...# ≈. #.≈.#
≈≈.# ##≈≈≈#
.≈≈.# ##..≈.#
.≈≈≈≈#####..≈≈.#
≈..≈.≈≈≈≈.≈≈≈##
#≈.≈≈≈≈≈≈.###
#...≈≈..##


You could see a river rat.

Vanquished Creatures
  Terence (D:2)
  5 adders
  A river rat (D:3)
  A worm (D:2)
  5 dart slugs
  8 ball pythons
  2 endoplasms (D:1)
  2 giant cockroaches
  5 goblins
  6 hobgoblins
  A quokka (D:1)
  2 bats
  4 frilled lizards
  6 kobolds
  10 rats
59 creatures vanquished.

Vanquished Creatures (others)
  5 plants (D:2)
5 creatures vanquished.

Grand Total: 64 creatures vanquished

Notes
Turn   | Place    | Note
-------+----------+-------------------------------------------
     0 | D:1      | Lavandula the Naga Arcane Marksman began the quest for the
                  | Orb.
     0 | D:1      | Reached XP level 1. HP: 18/18 MP: 2/2
    25 | D:1      | Reached skill level 2 in Crossbows
    40 | D:1      | Reached XP level 2. HP: 23/25 MP: 3/3
    78 | D:1      | Found a corrupted altar of Lugonu.
    78 | D:1      | Found a one-way gate to the infinite horrors of the Abyss.
   378 | D:1      | Reached skill level 3 in Crossbows
   448 | D:1      | Reached XP level 3. HP: 27/31 MP: 4/4
   607 | D:1      | Found Tawacich's Armour Boutique.
   985 | D:2      | Found a faded altar of an unknown god.
  1158 | D:2      | Noticed Terence
  1199 | D:2      | Killed Terence
  1200 | D:2      | Reached skill level 4 in Crossbows
  1200 | D:2      | Reached XP level 4. HP: 9/38 MP: 5/5
  2105 | D:3      | Reached XP level 5. HP: 41/44 MP: 6/6
  2252 | D:3      | Found a glowing drain.
  2293 | Sewer    | Entered a sewer
  2334 | Sewer    | Gained mutation: Your body sometimes deteriorates upon
                  | taking damage. [potion of mutation]
  2334 | Sewer    | Gained mutation: Your muscles are strong. (Str +2) [potion
                  | of mutation]
  2334 | Sewer    | Gained mutation: You possess an exceptional clarity of
                  | mind. [potion of mutation]
  2338 | Sewer    | Quit the game

Illustrated notes

Levels and vault maps discovered:
D:1:      erik_arrival_cave_to_civilisation [erik_arrival_cave_to_temple],
          layout_loops_ring, serial_shops, nicolae_diamond_shop,
          palyth_stone_intersect, minmay_split_cup_small
D:2:      layout_loops_ring, nicolae_ecumenical_pavilion, serial_forest,
          infiniplex_forest_lined_corner, infiniplex_forest_straight_1,
          infiniplex_forest_clump_diagonal, infiniplex_forest_clump_small,
          infiniplex_forest_end_1, infiniplex_forest_corner_1, uniq_terence
D:3:      layout_basic, gammafunk_temple_overflow_claw, portal_sewer_entry_a
Sewer:    sewer_co_tree

Skill      XL: |  1  2  3 |
---------------+----------+-----
Crossbows      | 2 3 4 |  4.8
Fighting       | |  1.0
Dodging        | |  1.5
Spellcasting   | |  1.0
Hexes          | |  3.0

Action                   |  1- 3 |  4- 6 || total
-------------------------+-------+-------++-------
Melee: Unarmed           |       |    18 ||    18
 Fire: Hand crossbow     |    55 |    47 ||   102
Throw: Dart              |       |     1 ||     1
 Abil: Spit Poison       |    18 |    20 ||    38
  Use: Potion            |     1 |     5 ||     6
       Scroll            |       |     3 ||     3
Armor: Robe              |       |    10 ||    10
Dodge: Dodged            |    10 |    31 ||    41

Table legend: (Time is in decaauts)
 A = Elapsed time spent in this place.
 B = Non-inter-level travel time spent in this place.
 C = Inter-level travel time spent in this place.
 D = Time resting spent in this place.
 E = Time spent auto-exploring this place.
 F = Levels seen in this place.
 G = Mean time per level.
                   A        B        C        D        E       F      G
               +--------+--------+--------+--------+--------+-----+--------+
         Total |   2988 |   2926 |     62 |    306 |   1853 |   4 |  747.0 |
       Dungeon |   2929 |   2867 |     62 |    306 |   1853 |   3 |  976.3 |
         Sewer |     58 |     58 |      0 |      0 |      0 |   1 |   58.0 |
               +--------+--------+--------+--------+--------+-----+--------+

Top non-repeatable levels by time:
     D:1: 1300 daAuts
     D:2: 1255 daAuts
     D:3: 373 daAuts
   Sewer: 58 daAuts
